 Dungeon Crawl Stone Soup version 0.13-a0-2301-g23820b6 (webtiles) character file.

16729 M4edhros the Unseen (level 12, -4/70 HPs)
             Began as an Octopode Artificer on July 8, 2013.
             Was a Follower of Fedhas.
             Slain by a two-headed ogre
             ... wielding a +0,+0 giant spiked club
              (20 damage)
             ... on Level 13 of the Dungeon.
             The game lasted 00:59:50 (15742 turns).

M4edhros the Unseen (Octopode Artificer)           Turns: 15742, Time: 00:59:52

HP  -4/70        AC  4     Str 12      XL: 12   Next: 35%
MP  24/24        EV 12     Int 18      God: Fedhas [*.....]
Gold 492         SH  0     Dex 13      Spells:  2 memorised,  8 levels left

Res.Fire  : + . .   See Invis. : +   a - +2 short sword
Res.Cold  : . . .   Warding    : .   (no shield)
Life Prot.: . . .   Conserve   : .   Z - +2 wizard hat
Res.Poison: +       Res.Corr.  : .   D - amulet of rage
Res.Elec. : .       Clarity    : .   h - ring of poison resistance
Sust.Abil.: . .     Spirit.Shd : .   x - ring of sustenance
Res.Mut.  : .       Stasis     : .   v - ring of protection from fire
Res.Rott. : .       Flight     : .   I - +1 ring of protection
Saprovore : . . .                    b - ring of see invisible
                                     (no ring)
                                     K - ring of teleport control
                                     R - +2 ring of strength

@: somewhat resistant to hostile enchantments, extraordinarily stealthy
A: almost no armour, amphibious, 8 rings, constrict 8, camouflage 1, fast
metabolism 1, wild magic 2, AC +1, Str -1
a: Evolution, Renounce Religion, Evoke Berserk Rage, Evoke Teleport Control


You were on level 13 of the Dungeon.
You worshipped Fedhas.
Fedhas was most pleased with you.
You were near starving.

You visited 2 branches of the dungeon, and saw 14 of its levels.
You also visited: Labyrinth.

You collected 926 gold pieces.
You spent 454 gold pieces at shops.

Inventory:

Hand weapons
 a - a +2,+2 short sword (weapon)
 s - a +1,+1 sling of evasion
Missiles
 g - 37 sling bullets
 o - 14 sling bullets of frost
 t - 20 stones (quivered)
 B - 13 poisoned sling bullets
 Q - 13 exploding sling bullets
Armour
 Z - a +2 wizard hat (worn)
Magical devices
 c - a wand of enslavement (11)
 d - a wand of slowing (2)
 H - a wand of fireball (0)
 J - a wand of polymorph (1)
 L - a wand of fire (0)
 V - a wand of polymorph (7)
 X - a wand of digging (9)
Comestibles
 f - 8 bread rations
 l - a pear
 p - 4 apples
 A - a choko
 N - a meat ration
Scrolls
 e - 5 scrolls of fog
 r - a scroll of acquirement {unknown}
 C - a scroll of enchant weapon I
 E - 3 scrolls of teleportation
 P - 3 scrolls of fear
Jewellery
 b - a ring of see invisible (on tentacle)
 h - a ring of poison resistance (left tentacle)
 m - an uncursed ring of teleportation
 v - a ring of protection from fire (on tentacle)
 x - a ring of sustenance (right tentacle)
 D - an amulet of rage (around mantle)
 F - an uncursed amulet of inaccuracy {unknown}
 G - a +2 ring of protection
 I - a +1 ring of protection (on tentacle)
 K - a ring of teleport control (on tentacle)
 R - a +2 ring of strength (on tentacle)
 S - an uncursed amulet of warding {unknown}
 Y - the ring of Straeg {Fire Str-3 Dex+1}
   (You found it in a labyrinth)

   [ring of fire]

   It affects your strength (-3).
   It affects your dexterity (+1).
Potions
 i - 2 potions of berserk rage
 j - 2 potions of heal wounds
 w - 4 potions of curing
 M - 2 potions of might
 W - 2 potions of invisibility
Books
 u - a book of Power

   Spells                             Type                      Level
   Iskenderun's Mystic Blast          Conjuration                  4
   Venom Bolt                         Conjuration/Poison           5
   Bolt of Magma                      Conjuration/Fire/Earth       5
   Poisonous Cloud                    Conjuration/Poison/Air       6
   Iron Shot                          Conjuration/Earth            6
   Orb of Destruction                 Conjuration                  7
 y - a book of Unlife

   Spells                             Type                      Level
   *Recall                            Summoning/Translocation      3
   Animate Dead                       Necromancy                   4
   Control Undead                     Necromancy                   4
   Twisted Resurrection               Necromancy                   5
   Death Channel                      Necromancy                   6
   Simulacrum                         Ice/Necromancy               6
 U - the Catalogue of Noxious Bewitchment
   (You found it on level 11 of the Dungeon)

   Spells                             Type                      Level
   Ensorcelled Hibernation            Hexes/Ice                    2
   Sure Blade                         Hexes/Charms                 2
   Poison Weapon                      Charms/Poison                3
   *Mephitic Cloud                    Conjuration/Poison/Air       3
   Confuse                            Hexes                        3
   Poisonous Cloud                    Conjuration/Poison/Air       6
Magical staves
 k - an uncursed staff of conjuration
Miscellaneous
 q - a crystal ball of energy
 O - a box of beasts
Rods
 n - a +6 rod of venom (16/16)
   (You found it on level 8 of the Dungeon)


   Skills:
 - Level 1.0 Fighting
 - Level 8.0 Short Blades
 - Level 2.0 Dodging
 * Level 17.4 Stealth
 - Level 2.1 Traps
 + Level 1.7 Spellcasting
 + Level 2.3 Conjurations
 + Level 0.6 Translocations
 + Level 2.8 Air Magic
 + Level 4.0 Poison Magic
 + Level 9.1 Invocations
 + Level 9.3 Evocations


You had 8 spell levels left.
You knew the following spells:

 Your Spells              Type           Power        Failure   Level  Hunger
a - Mephitic Cloud        Conj/Pois/Air  ####....     45%         3    ####...
b - Recall                Summ/Tloc      N/A          83%         3    ####...


Dungeon Overview and Level Annotations

Branches:
Dungeon (13/27)            Temple (1/1) D:4             Orc (0/4) D:6
   Lair (0/8) D:13

Altars:
Ashenzari
Cheibriados
Elyvilon
Fedhas
Kikubaaqudgha
Makhleb
Nemelex Xobeh
Okawaru
Sif Muna
Trog
Vehumet
Xom
Yredelemnul
Zin
the Shining One

Shops:
D:7: ! D:9: +(+[ D:10: ! D:12: }

Annotations
D:4 Grabo's ghost, average DEFE


Innate Abilities, Weirdness & Mutations

You cannot wear most types of armour.
You are amphibious.
You can wear up to eight rings at the same time.
You can use your tentacles to constrict many enemies at once.
Your skin changes colour to match your surroundings (Stlth).
Your rubbery body absorbs attacks (AC +1).
You have a fast metabolism.
You are weak (Str -1).
Your spells are harder to cast, but more powerful.


Message History

L - a wand of fire {zapped: 1} The two-headed ogre closely misses you.
The two-headed ogre hits you with a giant spiked club!
You barely miss the two-headed ogre. You squeeze the two-headed ogre.
The two-headed ogre is severely wounded.
You hit the two-headed ogre but do no damage.
You squeeze the two-headed ogre.
The two-headed ogre is almost dead.
The two-headed ogre hits you with a giant spiked club!
The two-headed ogre barely misses you.
You hit the two-headed ogre.
The two-headed ogre is almost dead.
You barely miss the two-headed ogre.
You squeeze the two-headed ogre, but do no damage.
The two-headed ogre is almost dead.
The two-headed ogre hits you with a giant spiked club!
* * * LOW HITPOINT WARNING * * *
The two-headed ogre hits you with a giant spiked club!
You die...
Fedhas appreciates your contribution to the ecosystem.

....♣.♣.......## #..>...#
....♣..P.P.....##########......#
#...♣.............>...........##
#.#............################
..............## ..............#
##### .....###.#...## #...#
.........#...#######...#
###.............@O.....#
#....#......########...#
#....#......# #...##
#....#......# #....#
.....#...#### #....# ..########
##...# ..# #...## ### #...#
#...#


You could see a two-headed ogre.

Vanquished Creatures
  A minotaur (Lab)
  Fannar (D:10)
  Urug (D:10)
  Erolcha (D:10)
  An unseen horror (D:12)
  Pikel (D:9)
  A hill giant (D:13)
  A komodo dragon (D:11)
  A basilisk (D:13)
  A two-headed ogre (D:10)
  3 trolls
  A minotaur skeleton (Lab)
  15 yaks
  Eustachio (D:10)
  A hippogriff (D:10)
  A manticore (D:4)
  A mottled dragon (D:9)
  A soldier ant (D:12)
  3 orc warriors
  3 ice beasts
  A black bear (D:8)
  A sky beast (D:10)
  2 ogres
  3 phantoms
  2 slaves (D:9)
  3 centaurs
  7 giant frogs
  A yaktaur skeleton (D:12)
  An eye of draining (D:12)
  6 killer bees
  2 goliath beetles
  15 crimson imps
  3 orc priests
  An orc wizard (D:10)
  Crazy Yiuf (D:3)
  2 giant frog skeletons
  3 hounds
  2 iguanas
  A water moccasin skeleton (D:6)
  A black bear skeleton (D:10)
  8 worker ants
  3 scorpions
  3 halflings (D:2)
  Ijyb (D:2)
  Jessica (D:3)
  2 jellies
  3 gnolls (D:6)
  19 adders
  A giant mite (D:8)
  4 worms
  An iguana skeleton (D:6)
  5 giant eyeballs
  5 giant geckos
  19 orcs
  9 bats
  8 giant cockroaches
  11 goblins
  13 hobgoblins
  2 jackals (D:10)
  16 kobolds
  3 quokkas
  2 giant newts
  An orc zombie (D:9)
  10 rats
248 creatures vanquished.

Vanquished Creatures (collateral kills)
  Erica (D:11)
  An unseen horror (D:12)
  A centaur warrior (D:13)
  A hill giant (D:10)
  The ghost of 4tharraofdagon the Spear-Bearer, an experienced DjBe of Trog (D:12)
  2 wandering mushrooms (D:13)
  A griffon (D:13)
  A slime creature (D:13)
  A basilisk (D:13)
  A griffon skeleton (D:12)
  12 yaks
  A hill giant skeleton (D:11)
  A wyvern (D:9)
  2 hippogriffs
  3 porcupines (D:13)
  An orc warrior (D:11)
  4 vampire mosquitoes (D:12)
  A sky beast (D:6)
  A giant slug (D:13)
  A crocodile (D:13)
  A big kobold (D:13)
  A yaktaur skeleton (D:13)
  An agate snail (D:13)
  A manticore skeleton (D:11)
  A yak skeleton (D:12)
  4 killer bees (D:13)
  2 crimson imps
  2 orc priests (D:9)
  2 orc wizards (D:9)
  2 worker ants (D:13)
  A jelly (D:11)
  A mummy (D:11)
  2 green rats (D:13)
  5 orcs
  2 jackals (D:10)
  3 kobolds (D:13)
  A bat (D:7)
  A goblin (D:7)
  A rat (D:9)
  3 toadstools (D:13)
75 creatures vanquished.

Vanquished Creatures (others)
  2 oklob plants (D:13)
  2 necrophages (D:7)
  2 slaves (D:9)
  A rock worm zombie (D:13)
  A two-headed ogre zombie (D:12)
  An adder (D:10)
  A giant centipede (D:11)
  An ooze (D:2)
  A kobold (D:6)
  A ball python (D:3)
  A giant spore (D:11)
  2 goblins (D:2)
  A rat (D:2)
  17 wandering mushrooms
  A bush (D:13)
  2 plants (D:2)
  110 toadstools
147 creatures vanquished.

Grand Total: 470 creatures vanquished

Notes
Turn   | Place    | Note
--------------------------------------------------------------
     0 | D:1      | M4edhros, the Octopode Artificer, began the quest for the Orb.
     0 | D:1      | Reached XP level 1. HP: 14/14 MP: 1/1
   131 | D:1      | Reached XP level 2. HP: 13/19 MP: 3/3
   602 | D:1      | Reached XP level 3. HP: 8/24 MP: 4/4
  1090 | D:2      | Found a shattered altar of Ashenzari.
  1253 | D:2      | Reached XP level 4. HP: 29/29 MP: 6/6
  1276 | D:2      | Reached skill level 4 in Stealth
  1529 | D:2      | Noticed Ijyb
  1553 | D:2      | Killed Ijyb
  1729 | D:2      | Reached XP level 5. HP: 17/34 MP: 7/7
  1987 | D:2      | Reached skill level 5 in Stealth
  2421 | D:3      | Noticed Jessica
  2424 | D:3      | Killed Jessica
  2424 | D:3      | Reached XP level 6. HP: 39/39 MP: 9/9
  2595 | D:3      | Noticed Crazy Yiuf
  2840 | D:3      | Reached skill level 6 in Stealth
  3323 | D:3      | Killed Crazy Yiuf
  3577 | D:4      | Noticed Grabo's ghost (average DEFE)
  3738 | D:4      | Found a staircase to the Ecumenical Temple.
  3744 | Temple   | Entered the Ecumenical Temple
  4140 | D:4      | Noticed a manticore
  4154 | D:4      | Killed a manticore
  4154 | D:4      | Reached skill level 5 in Short Blades
  4154 | D:4      | Reached skill level 7 in Stealth
  4154 | D:4      | Reached XP level 7. HP: 16/44 MP: 10/10
  4851 | D:5      | Entered Level 5 of the Dungeon
  5098 | D:5      | Found a snail-covered altar of Cheibriados.
  5107 | D:5      | Reached skill level 8 in Stealth
  5267 | D:5      | Found a white marble altar of Elyvilon.
  5267 | D:5      | Found a blossoming altar of Fedhas.
  5344 | D:5      | Became a worshipper of Fedhas Madash
  5635 | D:5      | Reached XP level 8. HP: 50/50 MP: 12/12
  5654 | D:5      | Reached skill level 9 in Stealth
  5842 | D:6      | Found a staircase to the Orcish Mines.
  6429 | D:7      | Acquired Fedhas' first power
  6456 | D:7      | Reached skill level 10 in Stealth
  6510 | D:7      | Found a white marble altar of Elyvilon.
  7133 | D:7      | Found Fieceaq's Distillery.
  7142 | D:7      | Bought a potion of heal wounds for 45 gold pieces
  7142 | D:7      | Bought a potion of invisibility for 82 gold pieces
  7403 | D:6      | Reached XP level 9. HP: 54/54 MP: 13/13
  7508 | D:6      | Reached skill level 1 in Invocations
  7522 | D:6      | Reached skill level 11 in Stealth
  7863 | D:8      | Identified a +0 rod of venom (12/12) (You found it on level 8 of the Dungeon)
  8150 | D:8      | Gained mutation: You are weak (Str -1). [potion of mutation]
  8150 | D:8      | Lost mutation: You are weak (Str -1). [potion of mutation]
  8150 | D:8      | Gained mutation: Your spells are a little harder to cast, but a little more powerful. [potion of mutation]
  8156 | D:8      | Paralysed by a potion of paralysis for 5 turns
  8427 | D:9      | Found Ica Kluo's Armour Shoppe.
  8442 | D:9      | Reached skill level 12 in Stealth
  8486 | D:9      | Found Hietat's Book Boutique.
  8497 | D:9      | Paralysed by a giant eyeball for 2 turns
  8537 | D:9      | Found Hojetari's Book Emporium.
  8663 | D:9      | Reached skill level 5 in Invocations
  8763 | D:9      | Reached skill level 5 in Evocations
  8824 | D:9      | Found a radiant altar of Vehumet.
  8851 | D:9      | Reached XP level 10. HP: 47/60 MP: 18/18
  8853 | D:9      | Found Bleess' Antique Weapon Boutique.
  8862 | D:9      | Bought a transparent spear for 188 gold pieces
  8863 | D:9      | Identified the cursed -4,-5 spear of Xitsyhube {antimagic, rElec MR++ SInv} (You bought it in a shop on level 9 of the Dungeon)
  8867 | D:9      | Bought a glowing spear for 73 gold pieces
  8967 | D:9      | Noticed Pikel
  8986 | D:9      | Killed Pikel
  8986 | D:9      | Reached skill level 13 in Stealth
  9003 | D:9      | Acquired Fedhas' second power
  9257 | D:10     | Entered Level 10 of the Dungeon
  9281 | D:10     | Reached skill level 14 in Stealth
  9375 | D:10     | Noticed Erolcha
  9488 | D:10     | Found Orchomm's Distillery.
  9542 | D:10     | Bought 2 potions of heal wounds for 66 gold pieces
  9612 | D:10     | Noticed Eustachio
  9615 | D:10     | Noticed Urug
  9631 | D:10     | Killed Eustachio
  9753 | D:10     | Killed Urug
  9967 | D:10     | Noticed Fannar
  9988 | D:10     | Killed Fannar
  9988 | D:10     | Reached skill level 15 in Stealth
  9988 | D:10     | Reached XP level 11. HP: 33/64 MP: 21/21
 10239 | D:10     | Paralysed by Erolcha for 7 turns
 10249 | D:10     | Killed Erolcha
 10649 | D:10     | Noticed a hill giant
 10671 | D:10     | Killed a hill giant
 11332 | D:11     | Reached skill level 16 in Stealth
 11338 | D:11     | Noticed Erica
 11454 | D:11     | Killed Erica
 12051 | D:11     | Identified the Catalogue of Noxious Bewitchment
 12247 | D:12     | Noticed 4tharraofdagon's ghost (experienced DjBe)
 12407 | D:12     | Learned a level 3 spell: Mephitic Cloud
 12571 | D:12     | Noticed an unseen horror
 12582 | D:12     | Killed an unseen horror
 12582 | D:12     | Reached skill level 1 in Poison Magic
 12628 | D:12     | Killed 4tharraofdagon's ghost
 12628 | D:12     | Reached skill level 1 in Air Magic
 12715 | D:12     | Found Uggeid's Gadget Shoppe.
 12725 | D:12     | Learned a level 3 spell: Recall
 12783 | D:12     | HP: 3/64 [vampire mosquito (12)]
 12804 | D:12     | Noticed an unseen horror
 12893 | D:12     | Killed an unseen horror
 12964 | D:12     | Gained mutation: You are weak (Str -1). [potion of mutation]
 12964 | D:12     | Gained mutation: Your spells are harder to cast, but more powerful. [potion of mutation]
 12964 | D:12     | Gained mutation: You have a fast metabolism. [potion of mutation]
 13327 | D:13     | Found a staircase to the Lair.
 13366 | D:13     | Reached skill level 1 in Spellcasting
 13366 | D:13     | Reached skill level 1 in Conjurations
 13374 | D:13     | Reached XP level 12. HP: 25/70 MP: 13/24
 13386 | D:13     | Noticed a centaur warrior
 13391 | D:13     | Killed a centaur warrior
 13394 | D:13     | Reached skill level 17 in Stealth
 13647 | D:13     | Found a labyrinth entrance.
 13653 | Lab      | Entered a labyrinth
 14620 | Lab      | Noticed a minotaur
 14648 | Lab      | Killed a minotaur
 14670 | Lab      | Got a steaming brass ring
 15412 | D:13     | Noticed a storm dragon
 15412 | D:13     | a slime creature changed into a storm dragon
 15742 | D:13     | Slain by a two-headed ogre

Action                   |  1- 3 |  4- 6 |  7- 9 | 10-12 || total
-------------------------+-------+-------+-------+-------++-------
Melee: Short sword       |    64 |   150 |   236 |   214 ||   664
       Trident           |       |       |       |    12 ||    12
       Club              |       |       |       |     9 ||     9
 Fire: Sling             |       |     9 |       |    33 ||    42
       Blowgun           |       |       |       |     9 ||     9
Invok: Evolution         |       |       |     2 |    19 ||    21
       Sunlight          |       |       |       |     5 ||     5
 Abil: Evoke Teleportati |       |       |       |     3 ||     3
       Evoke Teleport Co |       |       |       |     1 ||     1
Evoke: Wand              |       |     4 |     3 |    32 ||    39
       Rod               |       |       |       |    21 ||    21
  Use: Potion            |       |     8 |     6 |    10 ||    24
       Scroll            |       |       |    24 |    14 ||    38
 Stab: Sleeping          |    10 |    11 |    39 |    23 ||    83
       Confused          |       |     1 |     2 |     4 ||     7
       Distracted        |       |       |     3 |       ||     3
       Paralysed         |       |       |     2 |     2 ||     4
